 Dungeon Crawl Stone Soup version 0.22.1-1-ga44c0e5 (webtiles) character file.

84720 JeffiDaFish the Tortoise (level 15, -3/97 HPs)
             Began as a Gargoyle Fighter on Sept 18, 2018.
             Was the Champion of Okawaru.
             Killed by divine providence
             ... invoked by a meliai
              (12 damage)
             ... on level 14 of the Dungeon on Sept 19, 2018.
             The game lasted 01:03:42 (21067 turns).

JeffiDaFish the Tortoise (Gargoyle Fighter)        Turns: 21067, Time: 01:03:42

Health: -3/97      AC: 40    Str: 40      XL:     15   Next: 81%
Magic:  16/16      EV:  9    Int:  6      God:    Okawaru [******]
Gold:   1094       SH: 17    Dex:  8 (9)  Spells: 14/14 levels left

rFire    + + .     SeeInvis +   n - +8 morningstar
rCold    . . .     Gourm    .   y - +1 shield {AC+3}
rNeg     + . .     Faith    .   v - +1 plate armour of the Gloaming {rPois Str+4} (curse)
rPois    ∞         Spirit   .   (helmet restricted)
rElec    +         Reflect  .   j - +0 cloak of the Devil's Advocate {rF++ rC- Str+2 Slay+3}
rCorr    .         Harm     .   s - +0 pair of gloves {Str+3}
MR       +....                  x - +2 pair of boots "Zash" {+Fly Str+5 Int-3}
Stlth    ..........             (no amulet)
HPRegen  0.26/turn              g - ring of see invisible
MPRegen  0.15/turn              G - +3 ring of slaying

@: flying
A: big wings, beak, cold resistance 1, deterioration 1, high mp 1, negative
energy resistance 1, electricity resistance, unbreathing, petrification
resistance, rot immunity, AC +11
a: Stop Flying, Heroism, Finesse, Renounce Religion


You were on level 14 of the Dungeon.
You worshipped Okawaru.
Okawaru was exalted by your worship.
You were not hungry.

You visited 3 branches of the dungeon, and saw 21 of its levels.
You also visited: Labyrinth and Volcano.

You collected 1453 gold pieces.
You spent 359 gold pieces at shops.

Inventory:

Hand Weapons
 n - a +8 morningstar (weapon)
 w - the +7 great mace "Undeadhunter" {disrupt, rN+}
   (You found it on level 8 of the Dungeon)

   It protects you from negative energy.
Armour
 e - a +1 plate armour
 j - the +0 cloak of the Devil's Advocate (worn) {rF++ rC- Str+2 Slay+3}
   (Okawaru gifted it to you on level 1 of the Lair of Beasts)

   It affects your strength (+2).
   It affects your accuracy and damage with ranged weapons and melee attacks
   (+3).
   It greatly protects you from fire.
   It makes you vulnerable to cold.
 s - a +0 pair of gloves of strength (worn)
 v - the cursed +1 plate armour of the Gloaming (worn) {rPois Str+4}
   (You took it off a minotaur in a labyrinth)

   It affects your strength (+4).
   It protects you from poison.
   It has a curse placed upon it.
 x - the +2 pair of boots "Zash" (worn) {+Fly Str+5 Int-3}
   (You found it in a labyrinth)

   It affects your strength (+5).
   It affects your intelligence (-3).
   It lets you fly.
 y - a +1 shield of protection (worn)
Jewellery
 c - a +3 ring of protection
 g - a ring of see invisible (left hand)
 h - an uncursed ring of protection from cold
 l - an uncursed ring of protection from fire
 t - a +3 ring of evasion {unknown}
 G - a +3 ring of slaying (right hand)
 I - an uncursed amulet of rage
Wands
 b - a wand of disintegration (5)
 q - a wand of paralysis (15)
 D - a wand of digging (12)
 H - a wand of polymorph (16)
Scrolls
 a - 6 scrolls of remove curse
 k - 2 scrolls of identify
 m - 9 scrolls of teleportation
 p - 4 scrolls of blinking
 r - 2 scrolls of amnesia
Potions
 d - 3 potions of might
 i - 2 potions of agility
 o - a potion of resistance
 u - 3 potions of mutation
 z - 2 potions of invisibility
 A - 2 potions of curing
 B - a potion of ambrosia
 C - 3 potions of haste
 E - 2 potions of heal wounds
 F - 2 potions of brilliance
Comestibles
 f - 29 rations
 J - 2 chunks of flesh


   Skills:
 + Level 12.6 Fighting
 + Level 11.4 Maces & Flails
 * Level 17.0 Armour
 * Level 16.9 Shields


You had 14 spell levels left.
You didn't know any spells.
Your spell library contained the following spells:

 Spells                   Type           Power        Failure   Level  Hunger
 Animate Skeleton         Necr           N/A          86%         1    ##.....
 Apportation              Tloc           #.....       86%         1    ##.....
 Confusing Touch          Hex            #.....       86%         1    ##.....
 Corona                   Hex            #......      86%         1    ##.....
 Magic Dart               Conj           #...         86%         1    ##.....
 Pain                     Necr           #...         86%         1    ##.....
 Sandblast                Erth           #.....       86%         1    ##.....
 Shock                    Conj/Air       #...         86%         1    ##.....
 Summon Butterflies       Summ           #.......     86%         1    ##.....
 Summon Small Mammal      Summ           #...         86%         1    ##.....
 Blink                    Tloc           N/A          94%         2    ###....
 Call Imp                 Summ           #.......     94%         2    ###....
 Passwall                 Tmut/Erth      #.......     94%         2    ###....
 Slow                     Hex            #.......     94%         2    ###....
 Swiftness                Chrm/Air       #.......     94%         2    ###....
 Call Canine Familiar     Summ           #.......     99%         3    ####...
 Confuse                  Hex            #.......     99%         3    ####...
 Conjure Flame            Conj/Fire      #.......     99%         3    ####...
 Gell's Gravitas          Tloc           #.........   99%         3    ####...
 Inner Flame              Hex/Fire       #.......     99%         3    ####...
 Lesser Beckoning         Tloc           #.........   99%         3    ####...
 Mephitic Cloud           Conj/Pois/Air  #.......     99%         3    ####...
 Portal Projectile        Hex/Tloc       #.....       99%         3    ####...
 Regeneration             Chrm/Necr      #.........   99%         3    ####...
 Static Discharge         Conj/Air       #.......     99%         3    ####...
 Stone Arrow              Conj/Erth      #.....       99%         3    ####...
 Summon Guardian Golem    Hex/Summ       #.......     99%         3    ####...
 Tukima's Dance           Hex            #.......     99%         3    ####...
 Vampiric Draining        Necr           #.........   99%         3    ####...
 Airstrike                Air            #.........   100%        4    #####..
 Animate Dead             Necr           N/A          100%        4    #####..
 Cause Fear               Hex            #.........   100%        4    #####..
 Leda's Liquefaction      Hex/Erth       #.........   100%        4    #####..
 Petrify                  Tmut/Erth      #.......     100%        4    #####..
 Summon Ice Beast         Ice/Summ       #.......     100%        4    #####..
 Summon Lightning Spire   Summ/Air       #.......     100%        4    #####..
 Alistair's Intoxication  Tmut/Pois      #.......     100%        5    ######.
 Lee's Rapid Deconstruct  Erth           #.........   100%        5    ######.
 Lightning Bolt           Conj/Air       #.........   100%        5    ######.
 Metabolic Englaciation   Hex/Ice        #.........   100%        5    ######.
 Yara's Violent Unravell  Hex/Tmut       #.........   100%        5    ######.
 Invisibility             Hex            #.......     100%        6    #######


Dungeon Overview and Level Annotations

Branches:
Dungeon (14/15)            Temple (1/1) D:7            Lair (6/6) D:9
 Shoals (0/4) Lair:4       Spider (0/4) Lair:3        Slime (0/5) Lair:6
    Orc (0/2) D:11         Vaults (0/5) D:13

Altars:
Ashenzari
Dithmenos
Elyvilon
Fedhas
Gozag
Hepliaklqana
Kikubaaqudgha
Okawaru
Qazlal
Ru
Yredelemnul
Beogh
Jiyva

Shops:
D:8 *   D:12 =[}:(

Annotations:
Lair:5 exclusion: 2 oklob plants


Innate Abilities, Weirdness & Mutations

You are resistant to torment.
Your stone body is resilient. (AC +11)
You are immune to poison.
Your large and strong wings let you fly indefinitely.
You resist negative energy. (rN+)
You are resistant to electric shocks. (rElec)
You can survive without breathing.
You are immune to petrification.
You are immune to rotting.
You have a beak for a mouth.
Your flesh is cold resistant. (rC+)
Your body sometimes deteriorates upon taking damage.
You have an increased reservoir of magic. (+10% MP)


Message History

Aiming: Paralyse
Press: ? - help, Shift-Dir - straight line, f - meliai
Aim: a meliai, wielding a hand axe and wearing a leather armour (chance to The meliai suddenly stops moving!
The white imp shouts, "Slither hence, thou feckless idle-headed skainsmate!"
The white imp gestures at you. The puff of frost hits you!
The white imp gestures at you. The puff of frost hits you!
The meliai calls down the wrath of its god upon you.
Something smites you!
* * * LOW HITPOINT WARNING * * *
The meliai invokes the aid of its god against you.
Something smites you!
* * * LOW HITPOINT WARNING * * *
Your body deteriorates!
You feel clumsy.
The wolf stops to sniff the ground.
The meliai invokes the aid of its god against you.
Something smites you!
You die...

. #..P....# ..
####### #..PP...##
...##.....#
##......##
..........#
##.....#.
.........<# ###...#.
####...### #.....
##....# #...##
##...# #....#
##.@###########.....
#...hhyyy.5...y....
##.......5....5...h
#######.....#..###
#.....#.## #
#.....#.# #######.#
#.. # .....


You could see a polar bear, 3 meliai, a wolf and a white imp.

Vanquished Creatures
  Rupert (Lair:4)
  2 entropy weavers (Lair:4)
  A minotaur (Lab)
  Josephine (D:11)
  Harold (D:7)
  4 vault guards (D:13)
  11 hydras
  4 centaur warriors
  4 two-headed ogres
  A queen ant (Lair:4)
  A skeletal warrior (D:8)
  Nergalle (Lair:4)
  A salamander mystic (Volcano)
  A hell knight (Volcano)
  2 unseen horrors
  Pikel (D:9)
  An orb spider (Lair:3)
  A deep elf mage (D:12)
  2 ugly things
  5 salamanders (Volcano)
  2 manticores
  2 merfolk sirens (Lair:4)
  14 elephants
  2 black mambas
  A molten gargoyle (Volcano)
  5 spiny frogs
  3 rime drakes (Lair:4)
  6 komodo dragons
  2 efreet (D:13)
  3 trolls
  4 polar bears
  7 hornets
  10 dream sheep
  2 merfolk (Lair:4)
  15 blink frogs
  11 hippogriffs
  5 slime creatures
  A meliai zombie (D:13)
  3 shadows
  16 spriggans
  50 yaks
  4 water elementals (D:13)
  7 wraiths
  6 fire bats (Volcano)
  9 wyverns
  A steam dragon (D:10)
  2 basilisks
  A hungry ghost (D:8)
  23 soldier ants
  14 water moccasins
  11 porcupines
  13 orc warriors
  5 sky beasts
  A slave (D:9)
  3 phantoms
  5 black bears (Lair:6)
  3 ice beasts
  3 boggarts (Lair:6)
  10 centaurs
  30 wolves
  A necrophage (D:13)
  6 ogres
  5 crocodiles
  A big kobold (D:8)
  A wyvern zombie (D:11)
  24 bullfrogs
  4 scorpions
  8 wights
  5 electric eels
  2 bullfrog zombies
  2 centaur zombies
  5 crimson imps
  6 lava snakes (Volcano)
  5 hounds
  2 jellies
  4 centaur skeletons
  12 orc priests
  Jessica (D:2)
  A bullfrog skeleton (D:5)
  7 iguanas
  8 orc wizards
  36 worker ants
  A hound zombie (D:10)
  A worker ant zombie (D:9)
  A howler monkey skeleton (D:8)
  11 adders
  3 shadow imps
  A white imp (D:14)
  5 worms
  2 dart slugs
  5 leopard geckos
  58 orcs
  11 bats
  7 giant cockroaches
  2 gnoll zombies (D:3)
  12 goblins
  9 hobgoblins
  13 jackals
  22 kobolds
  9 quokkas
  A ball python (D:2)
  5 frilled lizards
  3 leopard gecko skeletons
  A quokka zombie (D:9)
  9 rats
  2 fungi (Lair:4)
701 creatures vanquished.

Vanquished Creatures (others)
  An orc wizard (D:13)
  A bullfrog skeleton (D:13)
  An orc (D:9)
  14 fungi
  15 plants
  5 toadstools (D:1)
37 creatures vanquished.

Grand Total: 738 creatures vanquished

Notes
Turn   | Place    | Note
-------+----------+-------------------------------------------
     0 | D:1      | JeffiDaFish the Gargoyle Fighter began the quest for the
                  | Orb.
     0 | D:1      | Reached XP level 1. HP: 14/14 MP: 1/1
    64 | D:1      | Reached XP level 2. HP: 19/19 MP: 2/2
   432 | D:1      | Reached XP level 3. HP: 24/24 MP: 3/3
   971 | D:2      | Noticed Jessica
   981 | D:2      | Killed Jessica
   981 | D:2      | Reached skill level 4 in Armour
   981 | D:2      | Reached XP level 4. HP: 25/29 MP: 4/4
  1347 | D:2      | Reached XP level 5. HP: 32/33 MP: 5/5
  2317 | D:3      | Found a basalt altar of Yredelemnul.
  2395 | D:4      | Reached skill level 5 in Armour
  2395 | D:4      | Reached XP level 6. HP: 37/38 MP: 6/6
  2452 | D:4      | Reached skill level 5 in Shields
  3097 | D:5      | Entered Level 5 of the Dungeon
  3117 | D:5      | Reached XP level 7. HP: 44/44 MP: 7/7
  3631 | D:5      | Reached skill level 6 in Armour
  3928 | D:6      | Reached skill level 5 in Fighting
  3986 | D:6      | Reached XP level 8. HP: 49/49 MP: 8/8
  4177 | D:6      | Gained mutation: Your flesh is cold resistant. (rC+)
                  | [potion of mutation]
  4177 | D:6      | Gained mutation: Your body sometimes deteriorates upon
                  | taking damage. [potion of mutation]
  4177 | D:6      | Gained mutation: You have a beak for a mouth. [potion of
                  | mutation]
  4177 | D:6      | Gained mutation: You have an increased reservoir of magic.
                  | (+10% MP) [potion of mutation]
  4329 | D:6      | Reached skill level 7 in Armour
  5067 | D:7      | Noticed Harold
  5085 | D:7      | Killed Harold
  5085 | D:7      | Reached skill level 5 in Maces & Flails
  5085 | D:7      | Reached skill level 8 in Armour
  5085 | D:7      | Reached XP level 9. HP: 29/56 MP: 9/9
  5716 | D:7      | Found a staircase to the Ecumenical Temple.
  5754 | Temple   | Entered the Ecumenical Temple
  5764 | Temple   | Became a worshipper of Warmaster Okawaru
  5827 | D:7      | Reached skill level 9 in Armour
  6127 | D:8      | Noticed a hornet
  6141 | D:8      | Killed a hornet
  6161 | D:8      | Reached * piety under Okawaru
  6339 | D:8      | Reached XP level 10. HP: 60/61 MP: 11/11
  6599 | D:8      | Found a runed door.
  6781 | D:8      | Noticed a four-headed hydra
  6782 | D:8      | Noticed a skeletal warrior
  6783 | D:8      | Reached ** piety under Okawaru
  6783 | D:8      | Reached skill level 10 in Armour
  6790 | D:8      | Killed a four-headed hydra
  6790 | D:8      | Reached skill level 10 in Shields
  6802 | D:8      | Killed a skeletal warrior
  6811 | D:8      | Found the +7 great mace "Undeadhunter" {disrupt, rN+}
  7039 | D:8      | Reached *** piety under Okawaru
  7103 | D:8      | Found Kegaush's General Store.
  7107 | D:8      | Bought a scroll of blinking for 112 gold pieces
  7107 | D:8      | Bought a +1 shield of protection for 247 gold pieces
  7420 | D:9      | Reached XP level 11. HP: 67/68 MP: 12/12
  7437 | D:9      | Reached skill level 11 in Armour
  7567 | D:9      | Reached **** piety under Okawaru
  7825 | D:9      | Found a staircase to the Lair.
  7831 | D:9      | Noticed Pikel
  7847 | D:9      | Killed Pikel
  8586 | D:10     | Entered Level 10 of the Dungeon
  8774 | D:10     | Noticed a two-headed ogre
  8788 | D:10     | Killed a two-headed ogre
  8788 | D:10     | Reached ***** piety under Okawaru
  8893 | D:10     | Noticed a two-headed ogre
  8903 | D:10     | Killed a two-headed ogre
  9047 | D:10     | Noticed an unseen horror
  9061 | D:10     | Killed an unseen horror
  9061 | D:10     | Reached skill level 12 in Armour
  9269 | Lair:1   | Entered Level 1 of the Lair of Beasts
  9272 | Lair:1   | Noticed a seven-headed hydra
  9282 | Lair:1   | Killed a seven-headed hydra
  9522 | Lair:1   | Noticed a seven-headed hydra
  9541 | Lair:1   | Killed a seven-headed hydra
  9541 | Lair:1   | Reached XP level 12. HP: 5/76 MP: 13/13
 10059 | Lair:1   | Noticed a four-headed hydra
 10070 | Lair:1   | Killed a four-headed hydra
 10070 | Lair:1   | Received a gift from Okawaru
 10145 | Lair:1   | Got an ancient cloak {god gift}
 10151 | Lair:1   | Identified the +0 cloak of the Devil's Advocate {rF++ rC-
                  | Str+2 Slay+3} (Okawaru gifted it to you on level 1 of the
                  | Lair of Beasts)
 10935 | Lair:1   | Reached skill level 13 in Armour
 11672 | Lair:2   | Reached ****** piety under Okawaru
 11928 | Lair:3   | Found a hole to the Spider Nest.
 12069 | Lair:3   | Reached skill level 10 in Fighting
 12123 | Lair:3   | Upgraded the game from 0.22.1 to 0.22.1-1-ga44c0e5
 12213 | Lair:3   | Noticed a six-headed hydra
 12224 | Lair:3   | Reached XP level 13. HP: 73/82 MP: 14/14
 12247 | Lair:3   | Received a gift from Okawaru
 12487 | Lair:3   | Reached skill level 14 in Armour
 13066 | Lair:4   | Noticed Rupert
 13077 | Lair:4   | Killed Rupert
 13080 | Lair:4   | Found a frozen archway.
 13316 | Lair:4   | Found a dark tunnel.
 13325 | Volcano  | Entered a volcano
 13443 | Volcano  | Received a gift from Okawaru
 13671 | Volcano  | Found a radiant altar of Vehumet.
 13703 | Volcano  | Reached skill level 10 in Maces & Flails
 13703 | Volcano  | Gained mutation: Your large and strong wings let you fly
                  | indefinitely. [Gargoyle growth]
 13703 | Volcano  | Reached XP level 14. HP: 61/90 MP: 9/15
 13861 | Volcano  | Identified the +2 pair of boots "Zasusas" {rN++ Dex-2} (You
                  | found it in a volcano)
 13944 | Lair:4   | Reached skill level 15 in Armour
 13953 | Lair:4   | Reached skill level 15 in Shields
 14111 | Lair:4   | Noticed Nergalle
 14132 | Lair:4   | Killed Nergalle
 14169 | Lair:4   | Noticed an entropy weaver
 14207 | Lair:4   | Killed an entropy weaver
 14606 | Lair:4   | Received a gift from Okawaru
 14625 | Lair:4   | Found a staircase to the Shoals.
 14696 | Lair:4   | Noticed an entropy weaver
 14824 | Lair:4   | Killed an entropy weaver
 16100 | Lair:6   | Entered Level 6 of the Lair of Beasts
 16134 | Lair:6   | Received a gift from Okawaru
 16678 | Lair:6   | Reached skill level 16 in Armour
 16748 | Lair:6   | Reached XP level 15. HP: 72/96 MP: 16/16
 17551 | Lair:6   | Found a staircase to the Slime Pits.
 17551 | Lair:6   | Found a viscous altar of Jiyva.
 17995 | D:11     | Found a staircase to the Orcish Mines.
 18008 | D:11     | Found a roughly hewn altar of Beogh.
 18513 | D:11     | Noticed Josephine
 18522 | D:11     | Killed Josephine
 18540 | D:11     | Received a gift from Okawaru
 18605 | D:11     | Got a twisted hat {god gift}
 18611 | D:11     | Identified the +0 hat of Sitys {Str-5 Int+8 Dex+3} (Okawaru
                  | gifted it to you on level 11 of the Dungeon)
 18810 | D:12     | Found Xuybau's Book Shoppe.
 18867 | D:12     | Found Mimu's Weapon Shop.
 18985 | D:12     | Found Poneh's Gadget Boutique.
 19400 | D:12     | Found Timeecir's Armour Emporium.
 19436 | D:12     | Found Xisukhi's Jewellery Boutique.
 20221 | D:13     | Found a labyrinth entrance.
 20230 | Lab      | Entered a labyrinth
 20444 | Lab      | Identified the cursed +1 plate armour of the Gloaming
                  | {rPois Str+4} (You took it off a minotaur in a labyrinth)
 20464 | Lab      | Identified the +2 pair of boots "Zash" {+Fly Str+5 Int-3}
                  | (You found it in a labyrinth)
 20772 | D:13     | Found a gate to the Vaults.
 20804 | D:13     | Received a gift from Okawaru
 20815 | D:13     | Reached skill level 17 in Armour
 21067 | D:14     | Killed from afar by a meliai

Skill      XL: |  1  2  3  4  5  6  7  8  9 10 11 12 13 14 15 |
---------------+----------------------------------------------+-----
Armour         | 4 5 6 8 9 10 12 13 14 16 17 | 17.0
Shields        | 4 5 6 8 9 10 12 13 14 16 | 16.9
Fighting       | 4 5 6 8 9 10 11 12 | 12.6
Maces & Flails | 3 5 6 8 9 10 11 | 11.4

Action                   |  1- 3 |  4- 6 |  7- 9 | 10-12 | 13-15 || total
-------------------------+-------+-------+-------+-------+-------++-------
Melee: Flail             |   207 |   210 |       |       |       ||   417
       Morningstar       |       |    79 |   303 |   674 |  1343 ||  2399
       Peck              |       |       |    32 |   132 |   332 ||   496
Invok: Heroism           |       |       |       |     1 |     1 ||     2
       Finesse           |       |       |       |       |     1 ||     1
 Abil: Fly               |       |       |       |       |     1 ||     1
Evoke: Wand              |       |       |       |     2 |     8 ||    10
  Use: Potion            |     3 |     3 |     2 |     6 |     6 ||    20
       Scroll            |     4 |    11 |     4 |     5 |    18 ||    42
  Eat: Chunk             |     1 |     7 |    11 |    18 |    27 ||    64
       Ration            |       |       |       |     1 |     1 ||     2
Armor: Scale mail        |    54 |       |       |       |       ||    54
       Plate armour      |   139 |   197 |   203 |   448 |   875 ||  1862
       Skin              |    20 |       |       |       |       ||    20
Dodge: Dodged            |    48 |    51 |    59 |   165 |   346 ||   669
Block: Shield            |   207 |   185 |   171 |   503 |  1141 ||  2207
       Large shield      |       |       |    41 |       |       ||    41
